 Dungeon Crawl Stone Soup version 0.30.1-9-gdf580d7c3d (webtiles) character file.

Game seed: 2310117925283762294

34285 Peloso the Fencer (level 13, -1/118 HPs)
             Began as a Minotaur Fighter on Oct 25, 2023.
             Was the Champion of Okawaru.
             Slain by a skyshark (15 damage)
             ... on level 1 of the Lair of Beasts.
             The game lasted 00:24:29 (12366 turns).

Peloso the Fencer (Minotaur Fighter)               Turns: 12366, Time: 00:24:30

Health: -1/118     AC: 25    Str: 22    XL:     13   Next: 41%
Magic:  14/14      EV: 14    Int:  5    God:    Okawaru [******]
Gold:   734        SH:  7    Dex: 14    Spells: 12/12 levels left

rFire   . . .        a - +2 scimitar (flame)
rCold   . . .        d - +0 buckler
rNeg    . . .        R - +3 chain mail
rPois   .            N - +2 hat
rElec   .            C - +0 cloak
rCorr   .            i - +0 pair of gloves
SInv    .            y - +0 pair of boots
Will    .....        (no amulet)
Stlth   +            h - ring of flight
HPRegen 0.39/turn    (no ring)
MPRegen 0.14/turn

%: no passive effects
@: heroic, flying
A: horns 2, retaliatory headbutt
a: Renounce Religion, Heroism, Finesse, Duel


You were on level 1 of the Lair of Beasts.
You worshipped Okawaru.
Okawaru was exalted by your worship.
You visited 3 branches of the dungeon, and saw 13 of its levels.
You also visited: Ossuary.

You collected 734 gold pieces.

Inventory:

Hand Weapons
 a - a +2 scimitar of flaming (weapon)
 b - a +1 long sword
 c - the +1 long sword "Laocut" {pain, rElec rPois Int-4}
   (Okawaru gifted it to you on level 10 of the Dungeon)

   Int:       It affects your intelligence (-4).
   rElec:     It insulates you from electricity.
   rPois:     It protects you from poison.
Missiles
 x - a throwing net (quivered)
Armour
 d - a +0 buckler (worn)
 i - a +0 pair of gloves (worn)
 y - a +0 pair of boots (worn)
 C - a +0 cloak (worn)
 N - a +2 hat (worn)
 R - a +3 chain mail (worn)
Jewellery
 h - a ring of flight (left hand)
 u - a ring of magical power
 B - a +6 ring of strength
 E - a +6 ring of intelligence
 F - a +5 ring of evasion
 J - a ring of positive energy
 K - a +6 ring of intelligence
 M - a ring of ice
 O - a +6 ring of strength
 S - a ring of ice
Wands
 m - a wand of digging (12)
 v - a wand of mindburst (6)
 z - a wand of roots (8)
 T - a wand of polymorph (5)
Scrolls
 e - 6 scrolls of magic mapping
 j - 3 scrolls of enchant weapon
 k - 2 scrolls of blinking
 n - 3 scrolls of fog {unknown}
 p - 3 scrolls of amnesia
 r - 5 scrolls of teleportation
 t - 3 scrolls of poison {unknown}
 w - 2 scrolls of brand weapon {unknown}
 D - a scroll of silence
 G - 2 scrolls of immolation {unknown}
 Q - a scroll of fear {unknown}
Potions
 g - a potion of might
 l - a potion of flight
 o - a potion of berserk rage
 s - 6 potions of mutation
 A - 2 potions of curing
 H - a potion of attraction {unknown}
 I - a potion of resistance
 L - a potion of invisibility {unknown}
 P - a potion of experience


   Skills:
 + Level 12.3(17.3) Fighting
 + Level 15.4(20.4) Long Blades
 + Level 13.2(18.2) Armour
 + Level 6.6(11.6) Dodging
 + Level 3.0(8.0) Stealth
 + Level 9.1(14.1) Shields
 + Level 3.6 Invocations
 + Level 1.2 Evocations


You had 12 spell levels left.
You didn't know any spells.
Your spell library contained the following spells:

 Spells                   Type           Power      Damage    Failure   Level
 Sandblast                Erth           0%         2d4       89%         1
 Blink                    Tloc           0%         N/A       96%         2
 Lesser Beckoning         Tloc           0%         N/A       96%         2
 Momentum Strike          Conj/Tloc      0%         3d8       96%         2
 Passwall                 Tmut/Erth      0%         N/A       96%         2
 Frozen Ramparts          Ice            0%         1d1       99%         3
 Stone Arrow              Conj/Erth      0%         3d7       99%         3
 Ice Form                 Ice/Tmut       0%         N/A       100%        4
 Summon Ice Beast         Ice/Summ       Unusable   N/A       N/A         4

Dungeon Overview and Level Annotations

Branches:
Dungeon (11/15)            Temple (1/1) D:5            Lair (1/5) D:10
    Orc (0/2) D:10        Ossuary (visited)

Altars:
Ashenzari
Cheibriados
Dithmenos
Elyvilon
Fedhas
Hepliaklqana
Kikubaaqudgha
Makhleb
Nemelex Xobeh
Okawaru
Qazlal
Ru
Sif Muna
Trog
Uskayaw
Vehumet
Wu Jian
Xom
Yredelemnul
Zin
The Shining One


Innate Abilities, Weirdness & Mutations

You have a pair of horns on your head.
You reflexively headbutt those who attack you in melee.


Message History

The black mamba barely misses you.
Unknown command.
You bump into the rock wall.
The skyshark bites you!
* * * LOW HITPOINT WARNING * * *
The skyshark tail-slaps you but does no damage.
The skyshark closely misses you. The black mamba misses you.
The skyshark bites you but does no damage.
The skyshark tail-slaps you but does no damage.
The skyshark tail-slaps you.
* * * LOW HITPOINT WARNING * * *
The black mamba bites you but does no damage.
Unknown command.
You slash the skyshark! You burn the skyshark. You headbutt the skyshark!
The skyshark is severely wounded.
The black mamba bites you but does no damage.
The skyshark bites you.
* * * LOW HITPOINT WARNING * * *
The skyshark misses you. The skyshark tail-slaps you.
* * * LOW HITPOINT WARNING * * *
You bump into the rock wall.
You feel less invigorated.
You feel less confused. The black mamba bites you.
* * * LOW HITPOINT WARNING * * *
You are lethally poisoned!
The black mamba poisons you! The skyshark misses you.
The skyshark tail-slaps you but does no damage.
You block the skyshark's attack. The black mamba barely misses you.
Unknown command.
You feel better. The skyshark bites you!!
* * * LOW HITPOINT WARNING * * *
The skyshark barely misses you. You block the skyshark's attack.
The black mamba barely misses you. You block the skyshark's attack.
The skyshark tail-slaps you but does no damage. x2
The black mamba bites you but does no damage.
Unknown command.
Okay, then.
You feel better.
The black mamba bites you but does no damage.
The skyshark bites you!
You die...

..............................
..
..............................
..
....#############.##..........
.. ..###P## ######......#. ##
.# #.!# ####.#......## # .
#!.†########.###........#
#...#........#.#......P#
#..#.P.....Sl..#†#......## #
##..~####@..#........# #...##
##.(.#.#......# #..!#
#~.....#......#
#............#.#)........
#P....................###
####.#+#####.#.........# ...
.............. ...............
................


You could see a skyshark (berserk) and a black mamba.

Vanquished Creatures
  Gastronok (Lair:1)
  Josephine (D:11)
  Fannar (D:10)
  2 hydras (Lair:1)
  Erica (D:9)
  4 two-headed ogres
  2 cyclopes (D:11)
  A black mamba (Lair:1)
  2 cane toads (Lair:1)
  2 komodo dragons (Lair:1)
  3 trolls
  Prince Ribbit (D:7)
  A shadow (D:11)
  4 wyverns
  10 wraiths
  17 yaks
  A basilisk (Lair:1)
  Grum (D:9)
  3 steam dragons
  Menkaure (D:6)
  A vampire mosquito (D:10)
  2 acid dragons (D:11)
  A water moccasin (D:6)
  An ice beast (D:7)
  2 orc warriors (D:10)
  2 sky beasts (D:7)
  3 ogres
  7 wolves
  3 centaurs
  3 kobold brigands
  2 phantoms
  An elf zombie (Ossuary)
  5 bullfrogs
  3 scorpions
  3 wights (D:8)
  13 killer bees (D:10)
  4 electric eels (D:10)
  9 howler monkeys
  3 centaur zombies (Ossuary)
  3 hounds
  2 human zombies (Ossuary)
  3 orc priests
  A sleepcap (D:8)
  Jessica (D:3)
  Natasha (thrice) (D:3)
  6 orc wizards
  Ijyb (D:3)
  Terence (D:3)
  8 iguanas
  A hound zombie (Ossuary)
  3 mummies (Ossuary)
  5 gnolls
  4 adders
  4 adder zombies (Ossuary)
  2 adder skeletons (D:3)
  A worm (D:2)
  2 dart slugs
  22 orcs
  7 bats
  8 endoplasms
  4 giant cockroaches
  5 goblins
  9 hobgoblins
  6 quokkas
  9 ball pythons
  A ball python skeleton (D:3)
  8 frilled lizards
  A gnoll zombie (Ossuary)
  2 goblin zombies (Ossuary)
  8 hobgoblin zombies (Ossuary)
  3 jackal zombies
  36 kobolds
  A kobold zombie (Ossuary)
  An orc zombie (Ossuary)
  3 quokka skeletons (D:3)
  5 quokka zombies
  9 rats
  2 rat zombies (Ossuary)
328 creatures vanquished.

Notes
Turn   | Place    | Note
-------+----------+-------------------------------------------
     0 | D:1      | Peloso the Minotaur Fighter began the quest for the Orb.
     0 | D:1      | Reached XP level 1. HP: 19/19 MP: 0/0
   125 | D:1      | Reached XP level 2. HP: 25/27 MP: 1/1
   258 | D:1      | Reached XP level 3. HP: 32/33 MP: 2/2
   756 | D:1      | Reached skill level 3 in Long Blades
   920 | D:2      | Found a shimmering blue altar of Sif Muna.
  1056 | D:2      | Reached skill level 1 in Dodging
  1492 | D:2      | Reached XP level 4. HP: 41/41 MP: 3/3
  1803 | D:3      | Noticed Natasha
  1812 | D:3      | Killed Natasha
  1830 | D:3      | Noticed Natasha
  1838 | D:3      | Killed Natasha
  1839 | D:3      | Reached skill level 4 in Long Blades
  1948 | D:3      | Identified the +8 sling "Ojanoxtu" {freeze, +Blink rF+
                  | Stlth-}
  1965 | D:3      | Reached XP level 5. HP: 46/47 MP: 4/4
  2022 | D:3      | Noticed Ijyb
  2034 | D:3      | Killed Ijyb
  2035 | D:3      | Reached skill level 5 in Armour
  2057 | D:3      | Noticed Jessica
  2062 | D:3      | Killed Jessica
  2441 | D:3      | Noticed Natasha
  2445 | D:3      | Killed Natasha
  2446 | D:3      | Reached XP level 6. HP: 53/53 MP: 5/5
  2467 | D:3      | Noticed Terence
  2472 | D:3      | Killed Terence
  2784 | D:4      | Reached skill level 5 in Long Blades
  2903 | D:4      | Found a burning altar of Makhleb.
  3346 | D:5      | Entered Level 5 of the Dungeon
  3352 | D:5      | Reached skill level 5 in Fighting
  3363 | D:5      | Reached skill level 6 in Long Blades
  3363 | D:5      | Reached XP level 7. HP: 57/61 MP: 6/6
  3586 | D:5      | HP: 3/61 [ogre/+0 giant spiked club (2)]
  3849 | D:5      | Reached skill level 7 in Long Blades
  3976 | D:5      | Found a staircase to the Ecumenical Temple.
  3985 | Temple   | Entered the Ecumenical Temple
  4078 | Temple   | Became a worshipper of Warmaster Okawaru
  4157 | D:5      | Found a blossoming altar of Fedhas.
  4619 | D:6      | Found a white marble altar of Elyvilon.
  4620 | D:6      | Found an ornate altar of the Wu Jian Council.
  4621 | D:6      | Found a glowing silver altar of Zin.
  4678 | D:6      | Noticed Menkaure
  4694 | D:6      | Killed Menkaure
  4695 | D:6      | Reached XP level 8. HP: 28/70 MP: 7/7
  4916 | D:6      | Reached skill level 8 in Long Blades
  5060 | D:6      | Reached * piety under Okawaru
  5669 | D:7      | Reached skill level 9 in Long Blades
  5941 | D:7      | Reached ** piety under Okawaru
  5942 | D:7      | Reached skill level 1 in Stealth
  6021 | D:7      | Reached skill level 5 in Shields
  6021 | D:7      | Reached XP level 9. HP: 77/78 MP: 8/8
  6154 | D:7      | Noticed Prince Ribbit
  6182 | D:7      | Killed Prince Ribbit
  6183 | D:7      | Reached skill level 10 in Long Blades
  6404 | D:8      | Found a sand-covered staircase.
  6412 | Ossuary  | Entered an ossuary
  6575 | Ossuary  | Reached *** piety under Okawaru
  6796 | D:8      | Reached skill level 11 in Long Blades
  7039 | D:8      | Found a shimmering altar of Xom.
  7857 | D:9      | Noticed a two-headed ogre
  7863 | D:9      | Killed a two-headed ogre
  7863 | D:9      | Reached **** piety under Okawaru
  7864 | D:9      | Reached XP level 10. HP: 90/90 MP: 9/9
  8111 | D:9      | Noticed Grum
  8118 | D:9      | Reached skill level 12 in Long Blades
  8133 | D:9      | Killed Grum
  8459 | D:9      | Noticed Erica
  8490 | D:9      | Killed Erica
  8958 | D:10     | Entered Level 10 of the Dungeon
  8989 | D:10     | Found a staircase to the Lair.
  9010 | D:10     | Received a gift from Okawaru
  9118 | D:10     | Reached ***** piety under Okawaru
  9363 | D:10     | Reached skill level 10 in Armour
  9427 | D:10     | Noticed a two-headed ogre
  9435 | D:10     | Killed a two-headed ogre
  9435 | D:10     | Identified the +1 long sword "Laocut" {pain, rElec rPois
                  | Int-4} (Okawaru gifted it to you on level 10 of the
                  | Dungeon)
  9435 | D:10     | Received a gift from Okawaru
  9436 | D:10     | Reached skill level 13 in Long Blades
  9531 | D:10     | Noticed Fannar
  9545 | D:10     | Killed Fannar
  9546 | D:10     | Reached XP level 11. HP: 83/97 MP: 8/10
  9673 | D:10     | Found a staircase to the Orcish Mines.
  9881 | D:10     | Noticed a two-headed ogre
  9893 | D:10     | Killed a two-headed ogre
 10161 | D:10     | Noticed a two-headed ogre
 10178 | D:10     | Reached skill level 14 in Long Blades
 10194 | D:10     | Reached skill level 1 in Invocations
 10199 | D:10     | Killed a two-headed ogre
 10200 | D:10     | Reached skill level 10 in Fighting
 10212 | D:10     | Reached skill level 5 in Dodging
 10663 | D:11     | Found a shimmering blue altar of Sif Muna.
 10673 | D:11     | Noticed Josephine
 10679 | D:11     | Reached skill level 1 in Evocations
 10688 | D:11     | Killed Josephine
 10701 | D:11     | Received a gift from Okawaru
 11811 | Lair:1   | Entered Level 1 of the Lair of Beasts
 11820 | Lair:1   | Reached XP level 12. HP: 107/108 MP: 12/12
 12071 | Lair:1   | Noticed Gastronok
 12100 | Lair:1   | Killed Gastronok
 12174 | Lair:1   | Reached ****** piety under Okawaru
 12333 | Lair:1   | Noticed a five-headed hydra
 12335 | Lair:1   | Noticed a five-headed hydra
 12339 | Lair:1   | Killed a one-headed hydra
 12340 | Lair:1   | Reached skill level 15 in Long Blades
 12348 | Lair:1   | Killed a one-headed hydra
 12358 | Lair:1   | Reached XP level 13. HP: 14/118 MP: 10/14
 12366 | Lair:1   | Slain by a skyshark

Illustrated notes

Levels and vault maps discovered:
D:1:      sevenhm_arrival_forest_fort_small_5, layout_basic,
          lexackson_kobold_supper
D:2:      layout_basic, basic_altar
D:3:      layout_loops_ring, serial_undead, serial_undead_c, serial_undead_a,
          serial_undead_c, serial_undead_e, serial_undead_c, uniq_terence,
          uniq_jessica, uniq_natasha, uniq_ijyb
D:4:      layout_loops_cross, nicolae_concentric_dashed_squares_wild,
          minmay_ruined_shrine
D:5:      layout_loops_ring, fedhas_altar_1, minmay_temple_entry_mist
D:6:      layout_gridville, chequers_temple_overflow_statue_of_worship,
          minivault_5, uniq_menkaure
D:7:      layout_basic, grunt_decor_cap, corexii_corridor_pit,
          uniq_prince_ribbit1
D:8:      layout_cave_pools, mainiacjoe_overflow_concentric_impassable,
          nicolae_ossuary_entry_plus, chequers_serial_rivers_room_b,
          hangedman_decor_points
D:9:      layout_loops_ring, uniq_grum, uniq_erica
D:10:     minmay_four_partial_circles, layout_loops_ring, erik_lair_island,
          orc_0_dummy, dk_noncrumbling_4, kennysheep_generic_room_16,
          uniq_fannar
D:11:     layout_roguey, led_sif_pool, uniq_josephine
Temple:   nicolae_temple_bog_church
Lair:1:   layout_regular_city, grunt_forest_small_clearings,
          hangedman_lair_generics_rect, lemuel_fruit_fields,
          serial_bayou_shore_a, uniq_gastronok

Skill      XL: |  1  2  3  4  5  6  7  8  9 10 11 12 |
---------------+-------------------------------------+-----
Fighting       | 4 5 6 8 9 10 12 | 12.3
Armour         | 4 5 6 7 8 10 11 13 | 13.2
Long Blades    | 3 4 6 7 9 11 13 14 15 | 15.4
Dodging        | 1 2 4 5 6 |  6.6
Shields        | 4 5 6 7 8 9 |  9.1
Stealth        | 1 3 |  3.0
Invocations    | 2 3 |  3.6
Evocations     | 1 |  1.2

Action                     |  1- 3 |  4- 6 |  7- 9 | 10-12 | 13-15 || total
---------------------------+-------+-------+-------+-------+-------++-------
  Melee: Long sword        |   140 |   142 |   415 |   125 |       ||   822
         Headbutt          |    10 |    33 |    88 |   115 |     1 ||   247
         Scimitar          |       |       |       |   389 |     2 ||   391
 Invoke: Heroism           |       |       |       |     7 |       ||     7
  Evoke: Wand              |       |       |       |     4 |       ||     4
    Use: Potion            |     1 |       |     1 |     5 |     3 ||    10
         Scroll            |     6 |     1 |     4 |     5 |       ||    16
 Armour: Scale mail        |    53 |       |       |       |       ||    53
         Chain mail        |    23 |    75 |   256 |   233 |    10 ||   597
  Dodge: Dodged            |    75 |    53 |   156 |   187 |     9 ||   480
  Block: Buckler           |    40 |    23 |    86 |   126 |     3 ||   278
